 Dungeon Crawl Stone Soup version 0.31-a0-1068-g5939ac1fb6 (webtiles) character file.

Game seed: 10318210028951773859

67 mopl the Trooper (level 4, -5/40 HPs)
             Began as a Hill Orc Fighter on Nov 25, 2023.
             Slain by Crazy Yiuf
             ... wielding a +3 quarterstaff of chaos
              (9 damage)
             ... on level 2 of the Dungeon.
             The game lasted 00:02:20 (1501 turns).

mopl the Trooper (Hill Orc Fighter)                 Turns: 1501, Time: 00:02:21

Health: -5/40      AC: 10    Str: 18    XL:     4   Next: 16%
Magic:  0/4        EV:  7    Int:  8    God:
Gold:   118        SH:  4    Dex: 12    Spells: 3/3 levels left

rFire   . . .        a - +0 war axe
rCold   . . .        c - +0 buckler
rNeg    . . .        k - +0 chain mail
rPois   .            p - +0 helmet
rElec   .            (no cloak)
rCorr   .            (no gloves)
SInv    .            (no boots)
Will    .....        (no amulet) Stlth
                     (no ring)
HPRegen 0.26/turn    (no ring)
MPRegen 0.09/turn

%: no passive effects
@: no status effects
A: no striking features
a: no special abilities


You were on level 2 of the Dungeon.
You visited 1 branch of the dungeon, and saw 2 of its levels.

You collected 146 gold pieces.
You spent 28 gold pieces at shops.

Inventory:

Hand Weapons
 a - a +0 war axe (weapon)
Armour
 c - a +0 buckler (worn)
 k - a +0 chain mail (worn)
 l - an orb of guile
 p - a +0 helmet (worn)
Wands
 o - a wand of flame (17)
Scrolls
 e - a scroll of poison {unknown}
 g - a scroll of enchant weapon {unknown}
 h - 5 scrolls of identify
 n - 2 scrolls of revelation {unknown}
 r - a scroll of amnesia {unknown}
Potions
 b - a potion of resistance {unknown}
 d - a potion of might
 f - 2 potions of curing {unknown}
 i - a potion of degeneration {unknown}
 j - a potion of enlightenment {unknown}
 m - a potion of brilliance {unknown}
 q - a potion of mutation {unknown}


   Skills:
 + Level 4.2 Fighting
 * Level 4.1 Axes
 + Level 3.8 Armour
 + Level 1.1 Dodging
 - Level 3.2 Shields


You had 3 spell levels left.
You didn't know any spells.
Your spell library contained the following spells:

 Spells                   Type           Power      Damage    Failure   Level
 Lesser Beckoning         Tloc           0%         N/A       100%        2
 Gell's Gravitas          Tloc           0%         N/A       100%        3
 Teleport Other           Tloc           0%         N/A       100%        3


Dungeon Overview and Level Annotations

Branches:
Dungeon (2/15)

Altars:

Shops:
D:1 ([?[

Annotations:
D:2 Crazy Yiuf


Message History

You hit the fungus.
The fungus begins to die.
The fungus is lightly damaged.
You hit the fungus but do no damage. You slash the fungus!
The fungus begins to die.
You hit the fungus.
The fungus is lightly damaged.
You slash the fungus! x2; The fungus begins to die.
You hit the fungus.
The fungus is lightly damaged.
You hit the fungus but do no damage. You hit the fungus.
A nearby fungus withers and dies.
A nearby fungus withers and dies. x2
Found a hammer.
Found a runed translucent door.
Crazy Yiuf shouts!
You open the door. You closely miss Crazy Yiuf.
Crazy Yiuf hits you with a +3 quarterstaff of chaos!
You hit Crazy Yiuf.
Crazy Yiuf is lightly wounded.
Crazy Yiuf hits you with a +3 quarterstaff of chaos.
You suddenly lose the ability to move!
Crazy Yiuf barely misses you.
Crazy Yiuf hits you with a +3 quarterstaff of chaos!
You feel your power leaking away.
Crazy Yiuf hits you with a +3 quarterstaff of chaos.
* * * LOW HITPOINT WARNING * * *
Crazy Yiuf freezes you.
* * * LOW HITPOINT WARNING * * *
Crazy Yiuf yells, "Tonal!
Hah Hive spinner."
Crazy Yiuf hits you with a +3 quarterstaff of chaos.
* * * LOW HITPOINT WARNING * * *
Crazy Yiuf freezes you.
* * * LOW HITPOINT WARNING * * *
You can move again.
Okay, then.
Okay, then.
You slash Crazy Yiuf!
Crazy Yiuf is heavily wounded.
Crazy Yiuf hits you with a +3 quarterstaff of chaos!
You die...

#.# ### ##### #)..#
#...# ... #### ###
#g# ...# #.# ♣@♣♣
...# #####.# ♣♣.♣
...# #.....# ♣.♣♣
...# #.....# ♣♣.♣
)..# #.....# ♣♣.♣♣
...# #.....# ♣PP.♣
..)###.....# ♣♣...♣
..........># #....#
####.####..####'..+#


You could see Crazy Yiuf.

Vanquished Creatures
  2 worms (D:2)
  A dart slug (D:1)
  8 bats
  7 endoplasms
  3 giant cockroaches
  5 goblins
  5 hobgoblins
  4 jackals (D:1)
  5 ball pythons
  3 frilled lizards
  5 kobolds
  4 rats
52 creatures vanquished.

Notes
Turn   | Place    | Note
-------+----------+-------------------------------------------
     0 | D:1      | mopl the Hill Orc Fighter began the quest for the Orb.
     0 | D:1      | Reached XP level 1. HP: 19/19 MP: 1/1
    27 | D:1      | Reached skill level 3 in Axes
    29 | D:1      | Reached XP level 2. HP: 27/27 MP: 2/2
   216 | D:1      | Found Ypnyat Viuni's Antique Armour Shop.
   231 | D:1      | Reached XP level 3. HP: 33/33 MP: 3/3
   312 | D:1      | Found Dol Xelef's Antique Armour Boutique.
   386 | D:1      | Found Vuefir's Magic Scroll Boutique.
   393 | D:1      | Reached skill level 4 in Fighting
   402 | D:1      | Bought a scroll of identify for 28 gold pieces
   584 | D:1      | Found Qestytass's Weapon Shoppe.
   704 | D:2      | Reached skill level 1 in Dodging
   747 | D:2      | Reached skill level 4 in Axes
   772 | D:2      | Reached XP level 4. HP: 40/40 MP: 4/4
  1343 | D:2      | Identified the +0 leather armour of Grace {+Blink rN+
                  | Dex+4}
  1490 | D:2      | Found a runed translucent door.
  1491 | D:2      | Noticed Crazy Yiuf
  1496 | D:2      | Paralysed by Crazy Yiuf for 5 turns
  1501 | D:2      | Slain by Crazy Yiuf

Illustrated notes

Levels and vault maps discovered:
D:1:      amcnicky_arrival_blooded_trapdoor, layout_loops_ring, serial_shops,
          nicolae_shop_bloodbath_and_beyond, nicolae_shop_window_shopping, shop,
          nicolae_shop_getting_attention, minmay_hexomino_c4
D:2:      layout_basic, serial_bayou_lagoon_a, uniq_crazy_yiuf_cottage

Skill      XL: |  1  2  3 |
---------------+----------+-----
Axes           | 3 4 |  4.1
Fighting       | 4 |  4.2
Dodging        | 1 |  1.1
Armour         | |  3.8
Shields        | |  3.2

Action                     |  1- 3 |  4- 6 || total
---------------------------+-------+-------++-------
  Melee: War axe           |    96 |    14 ||   110
 Armour: Scale mail        |    53 |       ||    53
         Chain mail        |    13 |    11 ||    24
  Dodge: Dodged            |    49 |     1 ||    50
  Block: Buckler           |    20 |     1 ||    21

Table legend: (Time is in decaauts)
 A = Elapsed time spent in this place.
 B = Non-inter-level travel time spent in this place.
 C = Inter-level travel time spent in this place.
 D = Time resting spent in this place.
 E = Time spent auto-exploring this place.
 F = Levels seen in this place.
 G = Mean time per level.
                   A        B        C        D        E       F      G
               +--------+--------+--------+--------+--------+-----+--------+
         Total |   1546 |   1523 |     23 |      0 |   1146 |   2 |  773.0 |
       Dungeon |   1546 |   1523 |     23 |      0 |   1146 |   2 |  773.0 |
               +--------+--------+--------+--------+--------+-----+--------+

Top non-repeatable levels by time:
     D:2: 881 daAuts
     D:1: 664 daAuts
